2838 views
Uploaded 2021-04-13 23:02:13
Game version 1.32.10
8:44 long 2on2 ladder game on (4)TurtleRock
Saved by GwaiLo
2838 views
Uploaded 2021-04-13 23:02:13
Game version 1.32.10
8:44 long 2on2 ladder game on (4)TurtleRock


30 units @ 4k
/ 0.4k
21 buildings @ 2.8k
/ 1k


| Scroll of Regeneration | 2 | 200 |
| Lesser Clarity Potion | 1 | 70 |
| Scroll of Town Portal | 1 | 350 |
| total: | 4 | 620g |
| Peasant | 9 | 675 | / | 0 |
| Footman | 6 | 810 | / | 0 |
| Sorceress | 2 | 310 | / | 40 |
| total: | 17 | 1795g | / | 40w |
| Farm | 7 | 560 | / | 140 |
| Altar of Kings | 1 | 180 | / | 50 |
| Barracks | 1 | 160 | / | 60 |
| Arcane Vault | 1 | 130 | / | 30 |
| Arcane Sanctum | 2 | 300 | / | 280 |
| Keep | 1 | 320 | / | 210 |
| total: | 12 | 1330g | / | 560w |
| 0:01 | Peasant |
| 0:01 | Peasant |
| 0:06 | Farm |
| 0:08 | Altar of Kings |
| 0:18 | Barracks |
| 0:22 | Peasant |
| 0:41 | Peasant |
| 0:48 | Farm |
| 0:59 | Peasant |
| 1:17 | Peasant |
| 1:19 | Footman |
| 1:29 | Peasant |
| 1:31 | Farm |
| 1:42 | Footman |
| 1:54 | Peasant |
| 2:08 | Footman |
| 2:12 | Summon Water Elemental |
| 2:13 | Peasant |
| 2:42 | Keep |
| 2:54 | Footman |
| 3:15 | Footman |
| 3:30 | Brilliance Aura |
| 3:33 | Footman |
| 3:34 | Farm |
| 4:25 | Arcane Vault |
| 4:27 | Farm |
| 4:55 | Farm |
| 4:57 | Scroll of Regeneration |
| 4:58 | Scroll of Regeneration |
| 4:58 | Lesser Clarity Potion |
| 5:31 | Arcane Sanctum |
| 6:03 | Arcane Sanctum |
| 6:24 | Farm |
| 6:26 | Storm Bolt |
| 6:29 | Scroll of Town Portal |
| 6:43 | Summon Water Elemental |
| 7:34 | Sorceress |
| 7:34 | Sorceress |
| Right click | 680 |
| Select group | 177 |
| Select | 138 |
| Build/train/purchase | 58 |
| Assign group | 32 |
| Misc. action | 13 |
| Use ability | 6 |
| Item give/drop | 2 |


| Rod of Necromancy | 2 | 300 |
| Ritual Dagger | 1 | 125 |
| total: | 3 | 425g |
| Acolyte | 2 | 150 | / | 0 |
| Ghoul | 3 | 360 | / | 0 |
| Crypt Fiend | 7 | 1505 | / | 280 |
| Obsidian Statue | 1 | 200 | / | 35 |
| total: | 13 | 2215g | / | 315w |
| Nerubian Tower | 1 | 100 | / | 20 |
| Altar of Darkness | 1 | 180 | / | 50 |
| Ziggurat | 4 | 600 | / | 200 |
| Crypt | 1 | 200 | / | 50 |
| Graveyard | 1 | 215 | / | 0 |
| Tomb of Relics | 1 | 130 | / | 30 |
| Slaughterhouse | 1 | 140 | / | 135 |
| Halls of the Dead | 1 | 320 | / | 210 |
| Black Citadel | 1 | 325 | / | 230 |
| total: | 9 | 1465g | / | 465w |
| 0:02 | Acolyte |
| 0:02 | Acolyte |
| 0:12 | Altar of Darkness |
| 0:17 | Ziggurat |
| 0:32 | Crypt |
| 0:57 | Graveyard |
| 1:10 | Tomb of Relics |
| 1:28 | Ziggurat |
| 1:38 | Ghoul |
| 1:50 | Ghoul |
| 2:07 | Ghoul |
| 2:14 | Death Coil |
| 2:18 | Rod of Necromancy |
| 2:31 | Nerubian Tower |
| 2:49 | Crypt Fiend |
| 3:12 | Crypt Fiend |
| 3:56 | Unholy Aura |
| 4:01 | Halls of the Dead |
| 4:02 | Crypt Fiend |
| 4:39 | Crypt Fiend |
| 4:42 | Ziggurat |
| 5:06 | Crypt Fiend |
| 5:24 | Ziggurat |
| 5:50 | Crypt Fiend |
| 7:01 | Rod of Necromancy |
| 7:02 | Ritual Dagger |
| 7:14 | Slaughterhouse |
| 7:20 | Frost Nova |
| 7:25 | Crypt Fiend |
| 7:27 | Burrow |
| 7:48 | Unholy Aura |
| 8:19 | Black Citadel |
| 8:20 | Obsidian Statue |
| Right click | 366 |
| Select group | 182 |
| Select | 105 |
| Build/train/purchase | 35 |
| Assign group | 20 |
| Use ability | 15 |
| Chat | 11 |
| Misc. action | 2 |
| Minimap ping | 2 |
47 units @ 5.8k
/ 0.3k
17 buildings @ 2.8k
/ 0.9k


| Healing Salve | 3 | 300 |
| Scroll of Speed | 1 | 50 |
| Lesser Clarity Potion | 1 | 70 |
| Potion of Healing | 1 | 150 |
| total: | 6 | 570g |
| Peon | 9 | 675 | / | 0 |
| Grunt | 5 | 1000 | / | 0 |
| Raider | 1 | 180 | / | 40 |
| Wind Rider | 2 | 530 | / | 80 |
| total: | 17 | 2385g | / | 120w |
| Altar of Storms | 1 | 180 | / | 50 |
| Orc Burrow | 5 | 800 | / | 200 |
| Barracks | 1 | 180 | / | 50 |
| Voodoo Lounge | 1 | 130 | / | 30 |
| Beastiary | 1 | 145 | / | 140 |
| Stronghold | 1 | 315 | / | 190 |
| Fortress | 1 | 325 | / | 190 |
| total: | 9 | 1435g | / | 470w |
| 0:02 | Peon |
| 0:02 | Peon |
| 0:06 | Altar of Storms |
| 0:11 | Peon |
| 0:19 | Orc Burrow |
| 0:25 | Peon |
| 0:33 | Barracks |
| 0:42 | Peon |
| 0:51 | Peon |
| 0:58 | Peon |
| 1:25 | Peon |
| 1:34 | Grunt |
| 1:44 | Peon |
| 2:07 | Wind Walk |
| 2:14 | Stronghold |
| 2:27 | Voodoo Lounge |
| 2:40 | Orc Burrow |
| 3:27 | Orc Burrow |
| 3:30 | Orc Burrow |
| 3:32 | Healing Salve |
| 3:32 | Healing Salve |
| 3:43 | Grunt |
| 4:38 | Critical Strike |
| 4:46 | Grunt |
| 6:02 | Scroll of Speed |
| 6:07 | Hex |
| 6:08 | Grunt |
| 6:12 | Orc Burrow |
| 6:15 | Fortress |
| 6:19 | Beastiary |
| 7:46 | Lesser Clarity Potion |
| 7:46 | Healing Salve |
| 7:50 | Grunt |
| 7:54 | Raider |
| 7:55 | Wind Rider |
| 7:55 | Wind Rider |
| 8:27 | Potion of Healing |
| Right click | 611 |
| Select | 146 |
| Build/train/purchase | 40 |
| Use ability | 20 |
| Assign group | 14 |
| Select group | 14 |
| Misc. action | 6 |
| Chat | 4 |
| Esc | 2 |
| Minimap ping | 1 |

| Potion of Healing | 1 | 150 |
| total: | 1 | 150g |
| Wisp | 10 | 600 | / | 0 |
| Archer | 17 | 2210 | / | 170 |
| Huntress | 3 | 585 | / | 60 |
| total: | 30 | 3395g | / | 230w |
| Altar of Elders | 1 | 180 | / | 50 |
| Moon Well | 4 | 720 | / | 160 |
| Ancient of War | 1 | 150 | / | 60 |
| Hunter's Hall | 1 | 210 | / | 100 |
| Ancient of Wonders | 1 | 90 | / | 30 |
| Tree of Ages | 1 | 320 | / | 180 |
| total: | 8 | 1350g | / | 400w |
| 0:07 | Altar of Elders |
| 0:10 | Moon Well |
| 0:11 | Wisp |
| 0:22 | Wisp |
| 0:35 | Wisp |
| 0:42 | Ancient of War |
| 0:45 | Wisp |
| 0:51 | Wisp |
| 1:17 | Wisp |
| 1:21 | Wisp |
| 1:50 | Moon Well |
| 1:51 | Archer |
| 1:58 | Archer |
| 2:25 | Searing Arrows |
| 2:47 | Moon Well |
| 2:48 | Wisp |
| 2:48 | Wisp |
| 2:50 | Archer |
| 2:50 | Archer |
| 4:15 | Archer |
| 4:15 | Archer |
| 4:16 | Archer |
| 4:40 | Archer |
| 4:40 | Archer |
| 4:48 | Hunter's Hall |
| 4:53 | Ancient of Wonders |
| 4:57 | Archer |
| 5:34 | Moon Well |
| 5:37 | Archer |
| 5:37 | Archer |
| 6:06 | Archer |
| 6:07 | Archer |
| 6:11 | Strength of the Moon |
| 6:36 | Wisp |
| 8:04 | Potion of Healing |
| 8:17 | Tree of Ages |
| 8:21 | Huntress |
| 8:22 | Huntress |
| 8:22 | Huntress |
| 8:23 | Archer |
| 8:24 | Archer |
| 8:24 | Archer |
| Right click | 162 |
| Select | 84 |
| Build/train/purchase | 37 |
| Use ability | 2 |
| Remove unit | 2 |